 Dungeon Crawl Stone Soup version 0.28-a0-1506-g3893175d92 (console) character file.

Game seed: 14826990308631876513

28 Banquo the Skirmisher (level 3, 0/30 HPs)
             Began as a Djinni Cinder Acolyte on Jan 14, 2022.
             Was a High Priest of Ignis.
             Slain by an adder (3 damage)
             ... on level 2 of the Dungeon.
             The game lasted 00:02:13 (1495 turns).

Banquo the Skirmisher (Djinni Cinder Acolyte)       Turns: 1495, Time: 00:02:14

Health: 0/30       AC:  2    Str: 13    XL:     3   Next: 30%
Gold:   20         EV: 11    Int: 17    God:    Ignis [*****.] SH:  0 Dex:  8

rFire   + + +      SeeInvis .   a - -1 hand axe (flame)
rCold   x . .      Faith    .   (no shield)
rNeg    . . .      Spirit   .   b - +0 robe
rPois   ∞          Reflect  .   (no helmet)
rElec   .          Harm     .   (no cloak)
rCorr   .          Rampage  .   (no gloves)
Will    .....                   (boots unavailable)
Stlth   +.........              (no amulet)
HPRegen 0.10/turn               (no ring)
MPRegen 0.00/turn               (no ring)

@: flying
A: sickness immunity, fire resistance 2, cold vulnerability 1, float, innate
caster, hp casting, extra vitality 1
a: Renounce Religion, Fiery Armour, Foxfire Swarm, Rising Flame


You were on level 2 of the Dungeon.
You worshipped Ignis.
Ignis was extremely pleased with you.
You visited 1 branch of the dungeon, and saw 2 of its levels.

You collected 20 gold pieces.

Inventory:

Hand Weapons
 a - a -1 hand axe of flaming (weapon)
Missiles
 f - 2 boomerangs
Armour
 b - a +0 robe (worn)
 d - a +0 tower shield
Scrolls
 e - a scroll of immolation {unknown}
 g - a scroll of torment {unknown}
 h - a scroll of vulnerability {unknown}
Potions
 c - a potion of brilliance {unknown}


   Skills:
 + Level 3.2 Fighting
 * Level 2.9 Axes
 * Level 2.8 Spellcasting


You had 4 spell levels left.
You knew the following spells:

 Your Spells              Type           Power      Damage    Failure   Level
a - Summon Small Mammal   Summ           48%        N/A       5%          1
z - Scorch                Fire           24%        2d6       9%          2
Your spell library was empty.

Dungeon Overview and Level Annotations

Branches:
Dungeon (2/15)

Altars:


Innate Abilities, Weirdness & Mutations

You are immune to sickness and miasma.
You are immune to poison.
Your flesh is very heat resistant. (rF++)
You are vulnerable to cold. (rC-)
You float through the air rather than walking.
You learn spells naturally, not from books.
Your magical power is your life essence.
You have superior vitality. (+4 MHP)


Message History

You are very lightly contaminated with residual magic.
Nothing appears to happen.
The jackal bites you. The jackal closely misses you.
The jackal is no longer more vulnerable to fire.
The adder closely misses you. The jackal bites you.
Found a coppery potion.
The adder is no longer more vulnerable to fire.
You hit the adder but do no damage.
The adder is heavily wounded.
The adder bites you.
You closely miss the adder.
The adder is heavily wounded.
The adder barely misses you. The adder bites you.
* * * LOW HITPOINT WARNING * * *
You miss the adder.
The adder is heavily wounded.
The adder bites you.
* * * LOW HITPOINT WARNING * * *
You miss the adder.
The adder is heavily wounded.
The adder bites you.
* * * LOW HITPOINT WARNING * * *
The adder bites you.
* * * LOW HITPOINT WARNING * * *
Your magical contamination has completely faded away.
You closely miss the adder.
The adder is heavily wounded.
The adder bites you but does no damage.
You hit the adder but do no damage.
The adder is heavily wounded.
The adder bites you.
* * * LOW HITPOINT WARNING * * *
The adder closely misses you.
You completely miss the adder.
The adder is heavily wounded.
The adder barely misses you.
You miss the adder.
The adder is heavily wounded.
The adder barely misses you. The adder bites you.
You die...

..###..# #...# ###......###.####
......<# #...# ####.###......#
##.##.#####...# ####.# #.####.#
..............#####....###<####(#
##.##.##.##.......#.#...h....##.#
# #.##.#....## !. #...##.#.....
..##..#...# .#####. #.####.#
##.##.###..###....... #......#
#.#.## ##.hS@.# .## ######## ...#
##.#### S# #.# #.## .w #. #.# #.
. #.. . #.# #. #


You could see an adder and a jackal.

Vanquished Creatures
  A dart slug (D:1)
  3 endoplasms (D:1)
  2 goblins
  4 hobgoblins
  5 jackals
  A quokka (D:1)
  A ball python (D:2)
  A frilled lizard (D:1)
  5 rats
23 creatures vanquished.

Notes
Turn   | Place    | Note
-------+----------+-------------------------------------------
     0 | D:1      | Banquo the Djinni Cinder Acolyte began the quest for the
                  | Orb.
     0 | D:1      | Reached XP level 1. HP: 20/20 MP: 0/0
   366 | D:1      | Reached XP level 2. HP: 12/25 MP: 0/0
  1178 | D:2      | Reached XP level 3. HP: 26/30 MP: 0/0
  1178 | D:2      | Learned a level 1 spell: Summon Small Mammal
  1495 | D:2      | Slain by an adder

Illustrated notes

Levels and vault maps discovered:
D:1:      matt_arrival_grand_opening, layout_basic
D:2:      layout_loops_cross, dreamdust_ecumenical_altar_hidden_monk_grotto,
          bh_walls_and_bars

Action                   || total
-------------------------++-------
Melee: Hand axe          ||    39
 Cast: Scorch            ||    13
Armor: Robe              ||     5
Dodge: Dodged            ||    29

Table legend: (Time is in decaauts)
 A = Elapsed time spent in this place.
 B = Non-inter-level travel time spent in this place.
 C = Inter-level travel time spent in this place.
 D = Time resting spent in this place.
 E = Time spent auto-exploring this place.
 F = Levels seen in this place.
 G = Mean time per level.
                   A        B        C        D        E       F      G
               +--------+--------+--------+--------+--------+-----+--------+
         Total |   1501 |   1386 |    115 |      0 |   1242 |   2 |  750.5 |
       Dungeon |   1501 |   1386 |    115 |      0 |   1242 |   2 |  750.5 |
               +--------+--------+--------+--------+--------+-----+--------+

Top non-repeatable levels by time:
     D:1: 1231 daAuts
     D:2: 270 daAuts
